 Dungeon Crawl Stone Soup version 0.28.0-45-g0d030f2227 (webtiles) character file.

Game seed: 8584967318052742007

63 nickcage the Slasher (level 3, 0/27 HPs)
             Began as a Demonspawn Gladiator on Apr 14, 2022.
             Slain by a goblin
             ... wielding a +0 club
             ... led by Robin
              (3 damage)
             ... on level 2 of the Dungeon.
             The game lasted 00:02:12 (1011 turns).

nickcage the Slasher (Demonspawn Gladiator)         Turns: 1011, Time: 00:02:13

Health: 0/27       AC:  7    Str: 16    XL:     3   Next: 89%
Magic:  3/3        EV: 11    Int:  9    God:
Gold:   53         SH:  0    Dex: 14    Spells: 2/2 levels left

rFire   . . .      SeeInvis .   a - +0 long sword
rCold   . . .      Faith    .   (no shield)
rNeg    . . .      Spirit   .   i - +0 ring mail
rPois   .          Reflect  .   c - +0 helmet
rElec   .          Harm     .   (no cloak)
rCorr   .          Rampage  .   (no gloves)
Will    .....                   j - +0 pair of boots
Stlth   +.........              (no amulet)
HPRegen 0.09/turn               (no ring)
MPRegen 0.08/turn               (no ring)

@: no status effects
A: claws 1
a: no special abilities


You were on level 2 of the Dungeon.
You visited 1 branch of the dungeon, and saw 2 of its levels.

You collected 53 gold pieces.

Inventory:

Hand Weapons
 a - a +0 long sword (weapon)
Missiles
 d - 3 throwing nets
 e - 5 poisoned darts (quivered)
Armour
 b - a +0 leather armour
 c - a +0 helmet (worn)
 i - a +0 ring mail (worn)
 j - a +0 pair of boots (worn)
Scrolls
 g - a scroll of immolation {unknown}
 h - a scroll of fear {unknown}
 l - a scroll of teleportation {unknown}
 m - a scroll of vulnerability {unknown}
Potions
 f - a potion of curing {unknown}
 k - a potion of brilliance {unknown}


   Skills:
 - Level 2.0 Fighting
 + Level 4.4 Long Blades
 - Level 1.7 Throwing
 - Level 2.6 Dodging


You had 2 spell levels left.
You didn't know any spells.
Your spell library was empty.

Dungeon Overview and Level Annotations

Branches:
Dungeon (2/15)

Altars:


Innate Abilities, Weirdness & Mutations

You have sharp fingernails.


Message History

Robin barely misses you. The goblin barely misses you.
A goblin comes into view. It is wielding a +0 club.
The quokka barely misses you. The goblin barely misses you.
You slash Robin!
Robin is almost dead.
Robin closely misses you. The goblin completely misses you.
The quokka barely misses you. The goblin barely misses you.
The goblin hits you but does no damage.
You slash Robin!
You kill Robin!
The quokka bites you but does no damage.
The goblin unwields a +0 dagger.
The goblin wields a +0 hunting sling.
The goblin shoots a stone.
The stone closely misses you. The goblin hits you with a +0 club.
A goblin comes into view. It is wielding a +0 dagger.
The quokka closely misses you. The goblin barely misses you.
You are too injured to fight recklessly!
You are too injured to fight recklessly!
You are too injured to fight recklessly!
The goblin no longer looks unusually strong.
The goblin shoots a stone.
The stone closely misses you.
The goblin unwields a +0 club.
The goblin wields a +0 hunting sling.
The goblin shoots a stone.
The stone hits you but does no damage. The goblin hits you but does no damage.
The goblin no longer looks unusually strong.
The goblin shoots a stone.
The stone misses you. The quokka bites you.
* * * LOW HITPOINT WARNING * * *
The goblin no longer looks unusually strong. x2
You miss the quokka. The quokka barely misses you. The quokka bites you.
* * * LOW HITPOINT WARNING * * *
You closely miss the quokka.
The quokka bites you but does no damage.
The quokka misses you. The quokka bites you.
* * * LOW HITPOINT WARNING * * *
The quokka misses you. The goblin hits you but does no damage.
The quokka closely misses you. The goblin hits you with a +0 club.
You die...

#.# ##..##....###.##
#.# #..####.......+ #.#
#..........#.## #.#
##.####.#..#.# #.###
#g####.#..#.#
#...#####g..........
#........g.###.#.##.#
###.#####g..##.#.# .#
#.....@r#.##.. # # ###
#†#######..#.#
..####<###'#######..#
..........).......#..#
..................#...
#+##P.............#.#.#
#..............#.#..
#P.#+###+###...#.#..#
#.. ...+


You could see a quokka and 4 goblins.

Vanquished Creatures
  Robin (D:2)
  A gnoll (D:1)
  2 endoplasms (D:1)
  A giant cockroach (D:1)
  5 goblins
  5 hobgoblins
  4 jackals (D:1)
  4 kobolds
  A quokka (D:2)
  A ball python (D:1)
  5 bats
  A frilled lizard (D:1)
  10 rats
41 creatures vanquished.

Vanquished Creatures (others)
  A goblin (D:2)
1 creature vanquished.

Grand Total: 42 creatures vanquished

Notes
Turn   | Place    | Note
-------+----------+-------------------------------------------
     0 | D:1      | nickcage the Demonspawn Gladiator began the quest for the
                  | Orb.
     0 | D:1      | Reached XP level 1. HP: 16/16 MP: 1/1
    26 | D:1      | Reached skill level 3 in Long Blades
   157 | D:1      | Gained mutation: You have sharp fingernails. [demonic
                  | ancestry]
   157 | D:1      | Reached XP level 2. HP: 22/22 MP: 2/2
   402 | D:1      | Reached XP level 3. HP: 20/27 MP: 3/3
   681 | D:1      | Reached skill level 4 in Long Blades
   972 | D:2      | Noticed Robin
   986 | D:2      | Killed Robin
  1011 | D:2      | Slain by a goblin

Illustrated notes

Levels and vault maps discovered:
D:1:      giann_forest_graveyard, layout_rooms, kennysheep_pointless_box
D:2:      layout_basic, corexii_shack, uniq_robin

Skill      XL: |  1  2  3 |
---------------+----------+-----
Long Blades    | 3 4 |  4.4
Fighting       | |  2.0
Throwing       | |  1.7
Dodging        | |  2.6

Action                   || total
-------------------------++-------
Melee: Long sword        ||   108
Armor: Leather armour    ||     8
       Ring mail         ||    48
Dodge: Dodged            ||    97
